 Dungeon Crawl Stone Soup version 0.18-a0-1643-gb89d9db (webtiles) character file.

225 Duskembrace the Vexing (level 5, -1/35 HPs)
             Began as a Vampire Enchanter on Mar 28, 2016.
             Was an Initiate of Kikubaaqudgha.
             Killed from afar by an orc wizard (10 damage)
             ... with a puff of flame
             ... on level 3 of the Dungeon.
             The game lasted 00:07:58 (3024 turns).

Duskembrace the Vexing (Vampire Enchanter)          Turns: 3024, Time: 00:08:00

Health: -1/35      AC:  6    Str:  5    XL:     5   Next: 68%
Magic:  7/8        EV: 12    Int: 19    God:    Kikubaaqudgha [......]
Gold:   198        SH:  0    Dex: 14    Spells: 3 memorised, 2 levels left

rFire  . . .     SeeInvis +     a - +1 dagger
rCold  . . .     Gourm    .     b - +1 robe
rNeg   + . .     Faith    .     (no shield)
rPois  .         Spirit   .     (no helmet)
rElec  .         Dismiss  .     (no cloak)
rCorr  .         Reflect  .     (no gloves)
SustAt .         Harm     .     n - +2 pair of boots
MR     .....                    (no amulet)
Stlth  ++........               (no ring)
                                (no ring)

@: confused, not resistant to hostile enchantments, unstealthy
A: fangs 3, talons 1, see invisible, screaming 1, weak 1, unbreathing
a: Bat Form, Renounce Religion


You were on level 3 of the Dungeon.
You worshipped Kikubaaqudgha.
Kikubaaqudgha was noncommittal.
You were not thirsty.

You visited 1 branch of the dungeon, and saw 3 of its levels.

You collected 198 gold pieces.

Inventory:

Hand Weapons
 a - a +1 dagger (weapon)
Armour
 b - a +1 robe (worn)
 n - a +2 pair of boots (worn)
Jewellery
 q - an uncursed ring of sustain attributes {unknown}
 s - an uncursed ring of protection from fire {unknown}
Wands
 o - a wand of disintegration (13/24)
Scrolls
 g - a scroll of fog {unknown}
 h - a scroll of amnesia {unknown}
 i - 2 scrolls of remove curse {unknown}
 j - a scroll of teleportation {unknown}
 k - 2 scrolls of enchant armour {unknown}
 m - a scroll of random uselessness {unknown}
 p - a scroll of blinking {unknown}
 u - 2 scrolls of identify {unknown}
Potions
 d - 5 potions of blood
 e - a potion of might {unknown}
 f - a potion of mutation
 l - a potion of brilliance {unknown}
 r - a potion of flight {unknown}
 t - a potion of curing {unknown}
Books
 c - a book of Maledictions

   Spells                             Type                      Level
   a - Corona                         Hexes                        1
   b - Ensorcelled Hibernation        Hexes/Ice                    2
   c - Confuse                        Hexes                        3
   d - Tukima's Dance                 Hexes                        3
   e - Dazzling Spray                 Conjuration/Hexes            3


   Skills:
 - Level 1.1 Short Blades
 - Level 2.1 Dodging
 + Level 7.0 Stealth
 - Level 2.0 Spellcasting
 * Level 7.8 Hexes


You had 2 spell levels left.
You knew the following spells:

 Your Spells              Type           Power        Failure   Level  Hunger
a - Corona                Hex            ####...      1%          1    #......
b - Ensorcelled Hibernat  Hex/Ice        ###...       8%          2    ###....
c - Confuse               Hex            ####....     1%          3    ###....


Dungeon Overview and Level Annotations

Branches:
Dungeon (3/15)

Altars:
Kikubaaqudgha
Ru
Xom
The Shining One


Innate Abilities, Weirdness & Mutations

You have razor-sharp teeth.
You have supernaturally acute eyesight.
You can survive without breathing.
You have sharp toenails.
You occasionally shout uncontrollably at your foes.
You are weak. (Str -2)


Message History

The orc priest calls down the wrath of Beogh upon you.
You struggle to resist.
The orc wizard hits you with a dagger.
You bump into the rock wall.
The orc barely misses you.
The orc priest calls down the wrath of Beogh upon you.
Beogh smites you! The orc wizard hits you with a dagger.
* * * LOW HITPOINT WARNING * * *
You bump into the rock wall.
The orc hits you but does no damage.
The orc priest calls upon Beogh to heal the orc.
The orc's wounds heal themselves!
The orc wizard hits you but does no damage.
Drink which item? (? for menu, Esc to quit)
It was a potion of mutation.
You feel extremely strange.
Your toenails lengthen and sharpen.
You feel the urge to shout.
You feel weaker. The orc closely misses you.
The orc priest hits you but does no damage.
The orc wizard gestures at you while chanting.
The puff of flame hits you!
You die...
Kikubaaqudgha rasps: "You have failed me!
Welcome... oblivion!"

......####....#######.....#
#.# #..##..#
#.###.........#.## #.#
#..###.# #.# #.####...##.#
#.# #..# #.###.# #.#
######.# #.# #..###..##.#
#.# #.# #.# #...)...##.#
#.# #.# #.# #.####...#.#
#.# #.# #.# ...........#
#.#########.# #.#
#.####.#.### #..@.....##.#
#.# #.# #.#.##
#.ooo....##.# #.. #.#
#.#..####........##[# #..
#.# #.##.............##.#
#.# ..#
#.##.............##.## #..
### #.###................#
### #.# #.....######.....#
#.....# #<....# #.....#
#.....#


You could see an orc priest, an orc wizard and an orc.

Vanquished Creatures
  The ghost of Oddball22 the Insei, an amateur DgTm (D:3)
  3 adders
  2 oozes
  A worm (D:3)
  A dart slug (D:1)
  A giant gecko (D:1)
  3 orcs (D:3)
  5 bats
  6 goblins
  4 hobgoblins
  3 jackals (D:3)
  6 kobolds
  A quokka (D:3)
  A ball python (D:2)
  2 giant newts (D:2)
  5 rats
45 creatures vanquished.

Notes
Turn   | Place    | Note
--------------------------------------------------------------
     0 | D:1      | Duskembrace the Vampire Enchanter began the quest for the Orb.
     0 | D:1      | Reached XP level 1. HP: 13/13 MP: 3/3
   219 | D:1      | Reached XP level 2. HP: 5/19 MP: 3/5
   223 | D:1      | Learned a level 2 spell: Ensorcelled Hibernation
   457 | D:1      | Reached skill level 5 in Hexes
  1027 | D:1      | Reached skill level 5 in Stealth
  1568 | D:2      | Reached XP level 3. HP: 24/24 MP: 3/6
  1573 | D:2      | Learned a level 3 spell: Confuse
  2187 | D:2      | Found an ancient bone altar of Kikubaaqudgha.
  2187 | D:2      | Found a shimmering altar of Xom.
  2196 | D:2      | Became a worshipper of Kikubaaqudgha
  2287 | D:3      | Noticed Oddball22's ghost (amateur DgTm)
  2316 | D:3      | Killed Oddball22's ghost
  2316 | D:3      | Reached XP level 4. HP: 26/30 MP: 1/7
  2316 | D:3      | Reached XP level 5. HP: 30/35 MP: 1/8
  2404 | D:3      | Found a sacrificial altar of Ru.
  2553 | D:3      | Found a glowing golden altar of the Shining One.
  2936 | D:3      | Found a faded altar to an unknown god.
  3024 | D:3      | Gained mutation: You have sharp toenails. [potion of mutation]
  3024 | D:3      | Gained mutation: You occasionally shout uncontrollably at your foes. [potion of mutation]
  3024 | D:3      | Gained mutation: You are weak. (Str -2) [potion of mutation]
  3024 | D:3      | Killed from afar by an orc wizard

Vault maps used:
D:1:      wheals_arrival_linesprint, serial_park_tiny_pond,
          kennysheep_decorative_pillar
D:2:      gammafunk_temple_overflow_wave
D:3:      nicolae_ru_awakened_eye, marbit_many_paths, grunt_pakellas_basics,
          ecumenical_altar_1, moated_statue, uniq_sigmund

Skill      XL: |  1  2  3  4  5 |
---------------+----------------+-----
Hexes          | 5 7 |  7.8
Stealth        | 5 6 7 |  7.0
Short Blades   | |  1.1
Dodging        | |  2.1
Spellcasting   | |  2.0

Action                   |  1- 3 |  4- 6 || total
-------------------------+-------+-------++-------
Melee: Dagger            |    76 |    49 ||   125
 Cast: Corona            |     1 |     1 ||     2
       Ensorcelled Hiber |    17 |     9 ||    26
       Confuse           |     2 |     2 ||     4
  Use: Potion            |       |     1 ||     1
 Stab: Sleeping          |    21 |    11 ||    32
       Confused          |     4 |       ||     4
  Eat: Corpse            |     4 |     3 ||     7
